 Dungeon Crawl Stone Soup version 0.20.1-1-g8b1a95d (webtiles) character file.

151 ANON1729 the Firebug (level 5, -1/28 HPs)
             Began as a Tengu Fire Elementalist on July 25, 2017.
             Slain by a worm (10 damage)
             ... on level 2 of the Dungeon.
             The game lasted 00:22:23 (2810 turns).

ANON1729 the Firebug (Tengu Fire Elementalist)      Turns: 2810, Time: 00:22:24

Health: -1/28      AC:  3    Str:  8    XL:     5   Next: 33%
Magic:  5/10       EV: 13    Int: 16    God:
Gold:   149        SH:  0    Dex: 15    Spells: 4/10 levels left

rFire    . . .     SeeInvis .   t - +3 quarterstaff (chaos)
rCold    . . .     Gourm    .   (shield currently unavailable)
rNeg     . . .     Faith    .   a - +0 robe
rPois    .         Spirit   .   (helmet restricted)
rElec    .         Reflect  .   i - +0 cloak
rCorr    .         Harm     .   (no gloves)
MR       .....     Rnd*Tele +   (boots unavailable)
Stlth    ++........             (no amulet)
Regen    0.1/turn               n - ring of teleportation (curse)
MPRegen  0.2/turn               (no ring)

@: no status effects
A: beak, talons 3, able to fly 1
a: Fly


You were on level 2 of the Dungeon.
You were not hungry.

You visited 1 branch of the dungeon, and saw 3 of its levels.

You collected 149 gold pieces.

Inventory:

Hand Weapons
 h - a +0 short sword
 t - a +3 quarterstaff of chaos (weapon)
Armour
 a - a +0 robe (worn)
 i - a +0 cloak (worn)
Jewellery
 n - a cursed ring of teleportation (left hand)
Scrolls
 d - 2 scrolls of identify {unknown}
 e - a scroll of fear {unknown}
 j - a scroll of magic mapping {unknown}
 l - a scroll of recharging {unknown}
 m - 2 scrolls of immolation {unknown}
 o - 3 scrolls of teleportation {unknown}
 q - a scroll of enchant weapon {unknown}
 r - a scroll of remove curse {unknown}
Potions
 f - a potion of heal wounds {unknown}
 g - 2 potions of curing {unknown}
 p - a potion of cancellation {unknown}
 u - a potion of flight {unknown}
Books
 b - a book of Flames

   Spells                             Type                      Level
   a - Flame Tongue                   Conjuration/Fire             1
   b - Throw Flame                    Conjuration/Fire             2
   c - Conjure Flame                  Conjuration/Fire             3
   d - Inner Flame                    Hexes/Fire                   3
   e - Sticky Flame                   Conjuration/Fire             4
   f - Fireball                       Conjuration/Fire             5
Comestibles
 c - a bread ration
 k - a royal jelly
 s - a chunk of flesh


   Skills:
 - Level 2.3 Dodging
 - Level 2.0 Stealth
 + Level 3.0 Spellcasting
 + Level 3.8 Conjurations
 + Level 4.6 Fire Magic


You had 4 spell levels left.
You knew the following spells:

 Your Spells              Type           Power        Failure   Level  Hunger
a - Flame Tongue          Conj/Fire      ###..        3%          1    #......
b - Throw Flame           Conj/Fire      ###...       4%          2    ##.....
c - Conjure Flame         Conj/Fire      ###.....     10%         3    ###....


Dungeon Overview and Level Annotations

Branches:
Dungeon (3/15)

Altars:
Xom

Annotations:
D:3 Ijyb; iiro's ghost, amateur GrEE


Innate Abilities, Weirdness & Mutations

You have a beak for a mouth.
You have claws for feet.
You can fly.


Message History

Press: ? - help, Shift-Dir - straight line, f/p - worm
Aim: a worm The flame tongue hits the worm.
The worm is heavily wounded.
Casting: Flame Tongue
Confirm with . or Enter, or press ? or * to list all spells.
Aiming: Flame Tongue
Press: ? - help, Shift-Dir - straight line, f/p - worm
Aim: a worm (heavily wounded)
The flame tongue hits the worm.
The worm is almost dead.
Casting: Flame Tongue
Confirm with . or Enter, or press ? or * to list all spells.
Aiming: Flame Tongue
Press: ? - help, Shift-Dir - straight line, f/p - worm
Aim: a worm (almost dead)
The flame tongue hits the worm.
The worm appears unharmed.
The worm is almost dead.
The worm bites you!
You die...

####.[...............#
...#.................##
##.#..................#
#.#..................#
#..........#.......#.#
##...................#
#..###.#............#
###..............w....#
.#........##<..g@.....# ######
....###..............####....#
........................[.##.#
......##.............#######.#
...##..............#.#######.#
...#####...........#.#.......#
...................#...#######
...#...............#..##
....#.#...########...##


You could see a worm and a hobgoblin.

Vanquished Creatures
  Crazy Yiuf (D:2)
  7 adders
  3 worms (D:2)
  An orc (D:3)
  2 giant cockroaches (D:2)
  9 goblins
  11 hobgoblins
  2 jackals (D:1)
  2 kobolds
  6 bats
  4 frilled lizards
  7 rats
  2 fungi (D:2)
57 creatures vanquished.

Notes
Turn   | Place    | Note
-------+----------+-------------------------------------------
     0 | D:1      | ANON1729 the Tengu Fire Elementalist began the quest for the Orb.
     0 | D:1      | Reached XP level 1. HP: 10/10 MP: 4/4
   161 | D:1      | Reached XP level 2. HP: 15/15 MP: 0/6
   539 | D:1      | Reached XP level 3. HP: 18/19 MP: 1/7
   666 | D:1      | Learned a level 2 spell: Throw Flame
   670 | D:1      | Learned a level 3 spell: Conjure Flame
  1426 | D:2      | Reached skill level 4 in Fire Magic
  1426 | D:2      | Reached XP level 4. HP: 20/24 MP: 2/8
  1784 | D:3      | Noticed Ijyb
  1787 | D:3      | Paralysed by Ijyb for 6 turns
  2430 | D:2      | Found a runed door.
  2434 | D:2      | Noticed Crazy Yiuf
  2440 | D:2      | Killed Crazy Yiuf
  2440 | D:2      | Gained mutation: You can fly. [Tengu growth]
  2440 | D:2      | Reached XP level 5. HP: 28/28 MP: 1/10
  2677 | D:3      | Found a shimmering altar of Xom.
  2788 | D:3      | Noticed iiro's ghost (amateur GrEE)
  2810 | D:2      | Slain by a worm

Skill      XL: |  1  2  3  4 |
---------------+-------------+-----
Conjurations   | 2 3 |  3.8
Fire Magic     | 4 |  4.6
Spellcasting   | 3 |  3.0
Dodging        | |  2.3
Stealth        | |  2.0

Action                   |  1- 3 |  4- 6 || total
-------------------------+-------+-------++-------
Melee: Unarmed           |    25 |    36 ||    61
       Peck              |     5 |     8 ||    13
       Kick              |     5 |    15 ||    20
       Quarterstaff      |       |     3 ||     3
       Short sword       |       |     1 ||     1
 Cast: Flame Tongue      |    57 |    49 ||   106
       Throw Flame       |     2 |       ||     2
       Conjure Flame     |     1 |     2 ||     3
  Eat: Chunk             |     2 |       ||     2
       Meat ration       |       |     1 ||     1
Armor: Robe              |     5 |     4 ||     9
Dodge: Dodged            |    30 |    18 ||    48
